 Dungeon Crawl Stone Soup version 0.29.1-12-g30fa7ad0bf (webtiles) character file.

Game seed: 3322331866450361249

23 hawla the Firebug (level 3, -4/26 HPs)
             Began as a Meteoran Fire Elementalist on Jan 10, 2023.
             Slain by Duvessa
             ... wielding a +4 short sword of holy wrath
              (12 damage)
             ... on level 4 of the Dungeon.
             The game lasted 00:01:59 (278 turns).

hawla the Firebug (Meteoran Fire Elementalist)       Turns: 278, Time: 00:01:59

Health: -4/26      AC:  2    Str: 10    XL:     3   Next: 26%
Magic:  8/8        EV: 12    Int: 18    God:
Gold:   39         SH:  0    Dex: 14    Spells: 5/8 levels left

rFire   . . .      SeeInvis .   (no weapon)
rCold   . . .      Faith    .   (no shield)
rNeg    . . .      Spirit   .   a - +0 robe
rPois   .          Reflect  .   (no helmet)
rElec   .          Harm     .   (no cloak)
rCorr   .          Rampage  .   (no gloves)
Will    .....                   (no boots)
Stlth   +.........              (no amulet)
HPRegen 0.08/turn               (no ring)
MPRegen 0.11/turn               (no ring)

@: glowing
A: sense surroundings 1, otherworldly, glowing, explore regen
a: no special abilities


You were on level 4 of the Dungeon.
You visited 1 branch of the dungeon, and saw 4 of its levels.

You collected 39 gold pieces.

Inventory:

Armour
 a - a +0 robe (worn)
Jewellery
 c - an amulet of faith
Potions
 e - a potion of haste


   Skills:
 + Level 2.4 Dodging
 - Level 1.4 Stealth
 + Level 3.1 Spellcasting
 + Level 1.4 Conjurations
 + Level 4.5 Fire Magic


You had 5 spell levels left.
You knew the following spells:

 Your Spells              Type           Power      Damage    Failure   Level
a - Foxfire               Conj/Fire      52%        2x1d6     4%          1
b - Scorch                Fire           38%        2d6       3%          2

Your spell library contained the following spells:

 Spells                   Type           Power      Damage    Failure   Level
 Conjure Flame            Conj/Fire      13%        6-21      14%         3
 Sandblast                Erth           4%         2d4       16%         1
 Inner Flame              Hex/Fire       11%        N/A       19%         3
 Passwall                 Tmut/Erth      1%         N/A       24%         2
 Stone Arrow              Conj/Erth      10%        3d7       34%         3
 Flame Wave               Conj/Fire      13%        2d6       43%         4


Dungeon Overview and Level Annotations

Branches:
Dungeon (4/15) Zot: 2121
 Temple: D:4-7

Altars:

Annotations:
D:4 Duvessa


Innate Abilities, Weirdness & Mutations

You passively map a small area around you.
You are easily found by Zot.
You glow in the dark.
You regain HP and MP as you explore.


Message History

Confirm with . or Enter, or press ? or * to list all spells.
You conjure some foxfire!
Casting: Foxfire (safe; 4% risk of failure)
Confirm with . or Enter, or press ? or * to list all spells.
Flames lash Duvessa.
Duvessa is moderately wounded.
Duvessa's fire resistance burns away.
The foxfire hits Duvessa!
Duvessa is burned terribly!
Duvessa is heavily wounded.
The foxfire hits Duvessa.
Duvessa is heavily wounded.
Casting: Scorch (safe; 3% risk of failure)
Confirm with . or Enter, or press ? or * to list all spells.
Flames lash Duvessa.
Duvessa is burned terribly!
Duvessa is severely wounded.
Duvessa hits you with a +4 short sword of holy wrath!
Unknown command.
Casting: Scorch (safe; 3% risk of failure)
Confirm with . or Enter, or press ? or * to list all spells.
Flames lash Duvessa.
Duvessa is burned terribly!
Duvessa is almost dead.
Duvessa closely misses you.
Unknown command.
Casting: Scorch (safe; 3% risk of failure)
Confirm with . or Enter, or press ? or * to list all spells.
You don't have enough magic to cast this spell.
Casting: Scorch (safe; 3% risk of failure)
Confirm with . or Enter, or press ? or * to list all spells.
You conjure some foxfire!
Duvessa hits you with a +4 short sword of holy wrath!
You closely miss Duvessa.
Duvessa is almost dead.
The foxfire hits Duvessa but does no damage.
Duvessa is almost dead.
The foxfire hits Duvessa but does no damage.
Duvessa is almost dead.
Duvessa closely misses you. Magic courses through your body.
Duvessa hits you with a +4 short sword of holy wrath!
You die...

*,, #.## *#..#*
#..######...#
#...........####
*
##.............#
#........>.[.# *
,
,#.>.#......<.#*
*
....######.....#*
, .....
#[e###.#*,, *
##... #.@# ,..
##. * #ยง## ,,. *
* ,, ...# * #####
, , * , , , * *
** * , * , * * ,
,, , , * **


You could see Duvessa (combustible).

Vanquished Creatures
  2 orcs
  5 ball pythons
  A bat (D:1)
  An endoplasm (D:3)
  2 giant cockroaches
  A goblin (D:1)
  A hobgoblin (D:1)
  2 frilled lizards
  A kobold (D:3)
  5 rats
21 creatures vanquished.

Vanquished Creatures (others)
  35 foxfires
35 creatures vanquished.

Grand Total: 56 creatures vanquished

Notes
Turn   | Place    | Note
-------+----------+-------------------------------------------
     0 | D:1      | hawla the Meteoran Fire Elementalist began the quest for
                  | the Orb.
     0 | D:1      | Reached XP level 1. HP: 14/14 MP: 5/5
    75 | D:1      | Reached skill level 4 in Fire Magic
    75 | D:1      | Reached XP level 2. HP: 20/20 MP: 3/6
    90 | D:1      | Learned a level 2 spell: Scorch
   205 | D:3      | Reached XP level 3. HP: 26/26 MP: 4/8
   255 | D:4      | Noticed Duvessa
   278 | D:4      | Slain by Duvessa

Illustrated notes

Levels and vault maps discovered:
D:1:      elethiomel_arrival_diamonds, layout_loops_ring,
          nicolae_ecumenical_snake_handling
D:2:      layout_loops_ring, serial_shops, shop, serial_glass, glass_columns_b,
          glass_columns_c
D:3:      layout_loops_ring, gammafunk_ghost_grave, kennysheep_cross_bottleneck,
          hangedman_glass_teeth, uniq_sigmund
D:4:      layout_layer_cave, yredelemnul_altar_generic,
          nicolae_overflow_hallway_of_the_gods, minmay_temple_entry_tees,
          minmay_misc_feat_plants, serial_bayou_pond_d, uniq_edmund,
          uniq_duvessa, uniq_pikel

Skill      XL: |  1  2 |
---------------+-------+-----
Fire Magic     | 4 |  4.5
Spellcasting   | 3 |  3.1
Dodging        | |  2.4
Stealth        | |  1.4
Conjurations   | |  1.4

Action                   || total
-------------------------++-------
Melee: Unarmed           ||     7
 Cast: Foxfire           ||    22
       Scorch            ||     5
  Use: Scroll            ||     4
       Potion            ||     1
Armor: Robe              ||     4
Dodge: Dodged            ||     7
